 Dungeon Crawl Stone Soup version 0.31-a0-799-g6bc09d010c (webtiles) character file.

Game seed: 4568566341816475612

42303 kae the Severer (level 14, -4/126 HPs)
             Began as a Hill Orc Fighter on Sept 19, 2023.
             Was a High Priest of Okawaru.
             Slain by a 13-headed hydra (6 damage)
             ... on level 2 of the Lair of Beasts.
             The game lasted 00:14:12 (16911 turns).

kae the Severer (Hill Orc Fighter)                 Turns: 16911, Time: 00:14:13

Health: -4/126     AC: 14    Str: 24    XL:     14   Next: 19%
Magic:  21/21      EV: 11    Int:  8    God:    Okawaru [*****.]
Gold:   415        SH: 10    Dex: 10    Spells: 13/13 levels left

rFire   . . .        J - +1 broad axe (holy)
rCold   . . .        n - +0 kite shield
rNeg    . . .        b - +0 scale mail
rPois   .            f - +2 hat
rElec   .            (no cloak)
rCorr   .            (no gloves)
SInv    .            (no boots)
Will    +....        (no amulet) Stlth
                     O - +4 ring of protection
HPRegen 0.41/turn    (no ring)
MPRegen 0.17/turn

%: no passive effects
@: no status effects
A: no striking features
a: Renounce Religion, Heroism, Finesse, Duel


You were on level 2 of the Lair of Beasts.
You worshipped Okawaru.
Okawaru was extremely pleased with you.
You visited 3 branches of the dungeon, and saw 16 of its levels.
You visited 1 bazaar.
You also visited: Ossuary.

You collected 937 gold pieces.
You spent 522 gold pieces at shops.


   Skills:
 - Level 12.0 Fighting
 - Level 18.0 Axes
 - Level 10.0 Armour
 - Level 7.0 Dodging
 - Level 9.6 Shields
 - Level 10.0 Invocations
 + Level 4.6 Evocations


You had 13 spell levels left.
You didn't know any spells.
Your spell library contained the following spells:

 Spells                   Type           Power      Damage    Failure   Level
 Freeze                   Ice            0%         1d3       85%         1
 Sandblast                Erth           0%         2d4       85%         1
 Slow                     Hex            0%         N/A       85%         1
 Sting                    Tmut/Pois      0%         1d3       85%         1
 Ensorcelled Hibernation  Hex/Ice        0%         N/A       94%         2
 Passwall                 Tmut/Erth      0%         N/A       94%         2
 Poisonous Vapours        Pois/Air       0%         N/A       94%         2
 Confusing Touch          Hex            0%         N/A       99%         3
 Dazzling Flash           Conj/Hex       0%         N/A       99%         3
 Frozen Ramparts          Ice            0%         1d1       99%         3
 Hailstorm                Conj/Ice       0%         3d3       99%         3
 Sigil of Binding         Hex            0%         N/A       99%         3
 Stone Arrow              Conj/Erth      0%         3d7       99%         3
 Swiftness                Air            0%         N/A       99%         3
 Vampiric Draining        Necr           0%         2d6       99%         3
 Volatile Blastmotes      Fire/Tloc      0%         2d10      99%         3
 Brom's Barrelling Bould  Conj/Erth      0%         2d3       100%        4
 Olgreb's Toxic Radiance  Pois           0%         N/A       100%        4
 Passage of Golubria      Tloc           0%         N/A       100%        4
 Yara's Violent Unravell  Hex/Tmut       0%         3d3       100%        5
 Starburst                Conj/Fire      0%         6d3       100%        6
 Maxwell's Capacitive Co  Air            0%         ∞         100%        8
 Tukima's Dance           Hex            Unusable   N/A       N/A         3

Inventory:

Hand Weapons
 a - a +0 spectral war axe
 J - a +1 broad axe of holy wrath (weapon)
   (You bought it in a shop in a bazaar)
Missiles
 e - 99 stones
 i - 8 curare-tipped darts {=f}
 k - 9 boomerangs
 o - 43 poisoned darts
 t - a throwing net {=f!f}
 y - 6 atropa-tipped darts
 D - 17 javelins
Armour
 b - a +0 scale mail (worn)
 f - a +2 hat (worn)
   (You found it on level 1 of the Dungeon)
 n - a +0 kite shield (worn)
   (You found it on level 5 of the Dungeon)
Jewellery
 O - a +4 ring of protection (left hand)
   (You found it on level 8 of the Dungeon)
 R - a ring of resist corrosion
   (You found it on level 13 of the Dungeon)
Wands
 m - a wand of mindburst (7)
   (You found it on level 5 of the Dungeon)
 C - a wand of acid (17)
   (You found it on level 8 of the Dungeon)
 E - a wand of flame (7)
   (You found it on level 9 of the Dungeon)
 H - a wand of iceblast (16)
   (You found it on level 8 of the Dungeon)
 I - a wand of charming (10)
   (You found it on level 11 of the Dungeon)
Scrolls
 c - 3 scrolls of noise {!r}
 h - a scroll of fear
 l - 2 scrolls of blinking {!r}
 q - 2 scrolls of butterflies
 r - 6 scrolls of immolation {!r!r}
 s - a scroll of vulnerability {!r!r}
 v - 2 scrolls of teleportation {@r4}
 G - a scroll of brand weapon
 L - 2 scrolls of identify {@r1}
 M - 2 scrolls of revelation
 N - a scroll of enchant weapon
 P - a scroll of fog
Potions
 d - 5 potions of might
 g - 3 potions of attraction {!q}
 j - a potion of cancellation
 p - 11 potions of degeneration {!q}
 u - a potion of haste {@q3}
 w - a potion of invisibility
 x - 9 potions of curing {@q1}
 z - 2 potions of brilliance
 A - a potion of lignification {!q}
 B - 2 potions of berserk rage {!q}
 F - 11 potions of ambrosia
 K - a potion of mutation {!q}

Dungeon Overview and Level Annotations

Branches:
Dungeon (13/15) Zot: 25028  Temple (1/1) D:6 Zot: 5865    Lair (2/5) D:10 Zot: 9296
    Orc (0/2) D:11        Ossuary (visited)
  Swamp: Lair:2-3    Shoals: Lair:2-3     Snake: Lair:2-3    Spider: Lair:2-3
 Vaults: D:13-14

Altars:
Ashenzari
Cheibriados
Dithmenos
Elyvilon
Fedhas
Gozag
Hepliaklqana
Kikubaaqudgha
Makhleb
Nemelex Xobeh
Okawaru
Qazlal
Ru
Sif Muna
Trog
Uskayaw
Vehumet
Wu Jian
Xom
Yredelemnul
Zin
The Shining One

Shops:
D:1 [*   D:2 (   D:7 :   D:11 *

Annotations:
D:7 1 runed translucent door, bmj180's ghost, novice HuCj
D:11 1 runed translucent door
D:13 2 transporters, Takeo's ghost, journeyman GrEE
Lair:1 2 transporters, WhatIsLove's ghost, journeyman HOMo

#####......######
##.#...# #.##..##
####...##
####.### # #.
##..##P##...
#...#...#
###...P# #.@.P##
##D### ..# #..#
###. #


You could see a 13-headed hydra.


Message History

The six-headed hydra bites you but does no damage.
The six-headed hydra bites you.
You block the six-headed hydra's attack.
The six-headed hydra bites you but does no damage.
You hack one of the six-headed hydra's heads off!
The five-headed hydra grows two more!
You slice the seven-headed hydra!! You slice the fungus!!
You block the seven-headed hydra's attack.
The seven-headed hydra bites you but does no damage. x2
The seven-headed hydra misses you. The seven-headed hydra bites you.
You block the seven-headed hydra's attack.
The seven-headed hydra closely misses you. 😕 HP[-11]
You take 11 damage, and now have 99/126 hp.
You lop one of the seven-headed hydra's heads off!
The six-headed hydra grows two more!
You hit the eight-headed hydra. You slash the fungus!
You chop one of the eight-headed hydra's heads off!
The seven-headed hydra grows two more!
You hit the nine-headed hydra. You slash the fungus!
The nine-headed hydra bites you but does no damage. x2
The nine-headed hydra misses you.
The nine-headed hydra barely misses you. x2
The nine-headed hydra bites you!
You block the nine-headed hydra's attack.
The nine-headed hydra barely misses you. x2 😮 HP[-7]
You take 7 damage, and now have 92/126 hp.
You chop one of the nine-headed hydra's heads off!
The eight-headed hydra grows two more!
You hit the ten-headed hydra. You slash the fungus!
The ten-headed hydra barely misses you.
You block the ten-headed hydra's attack. x2
The ten-headed hydra bites you.
The ten-headed hydra closely misses you.
The ten-headed hydra completely misses you.
The ten-headed hydra closely misses you.
The ten-headed hydra bites you! The ten-headed hydra misses you.
The ten-headed hydra barely misses you.
You are too injured to fight recklessly! 😮 HP[-13]
You take 13 damage, and now have 79/126 hp.
Unknown command.
You slice one of the ten-headed hydra's heads off!
The nine-headed hydra grows two more!
You slash the 11-headed hydra! You hit the fungus but do no damage.
A nearby fungus withers and dies.
You block the 11-headed hydra's attack. The 11-headed hydra closely misses you.
You block the 11-headed hydra's attack. The 11-headed hydra bites you. x2
You block the 11-headed hydra's attack. The 11-headed hydra closely misses you.
The 11-headed hydra bites you but does no damage.
The 11-headed hydra closely misses you. The 11-headed hydra bites you.
The 11-headed hydra bites you!
* * * LOW HITPOINT WARNING * * *
😨 HP[-18]
You take 18 damage, and now have 61/126 hp.
Unknown command.
You slice one of the 11-headed hydra's heads off!
The ten-headed hydra grows two more!
You slice the 12-headed hydra!! You block the 12-headed hydra's attack.
The 12-headed hydra bites you but does no damage.
You block the 12-headed hydra's attack. The 12-headed hydra misses you.
The 12-headed hydra closely misses you. The 12-headed hydra bites you!
* * * LOW HITPOINT WARNING * * *
The 12-headed hydra bites you.
* * * LOW HITPOINT WARNING * * *
You block the 12-headed hydra's attack. The 12-headed hydra closely misses you.
The 12-headed hydra bites you but does no damage.
The 12-headed hydra bites you.
* * * LOW HITPOINT WARNING * * *
The 12-headed hydra barely misses you.
Unknown command. 😨 HP[-20]
You take 20 damage, and now have 41/126 hp.
You hack one of the 12-headed hydra's heads off!
The 11-headed hydra grows two more!
You slice the 13-headed hydra!! You barely miss the 13-headed hydra.
The 13-headed hydra bites you.
* * * LOW HITPOINT WARNING * * *
You block the 13-headed hydra's attack.
The 13-headed hydra bites you but does no damage.
You block the 13-headed hydra's attack. The 13-headed hydra bites you!
* * * LOW HITPOINT WARNING * * *
The 13-headed hydra completely misses you.
The 13-headed hydra bites you.
* * * LOW HITPOINT WARNING * * *
The 13-headed hydra bites you.
* * * LOW HITPOINT WARNING * * *
The 13-headed hydra bites you.
* * * LOW HITPOINT WARNING * * *
The 13-headed hydra bites you.
* * * LOW HITPOINT WARNING * * *
The 13-headed hydra bites you but does no damage.
You block the 13-headed hydra's attack. The 13-headed hydra closely misses you.
Unknown command.
You hit the 13-headed hydra.
The 13-headed hydra bites you but does no damage.
You block the 13-headed hydra's attack. The 13-headed hydra bites you!
* * * LOW HITPOINT WARNING * * *
You block the 13-headed hydra's attack. The 13-headed hydra misses you.
The 13-headed hydra bites you but does no damage. x3
You block the 13-headed hydra's attack. The 13-headed hydra bites you.
You die...

Skill      XL: |  1  2  3  4  5  6  7  8  9 10 11 12 13 14 |
---------------+-------------------------------------------+-----
Axes           | 3 4 5 6 8 9 11 14 16 17 18 | 18.0
Invocations    | 7 10 | 10.0
Fighting       | 9 12 | 12.0
Armour         | 8 9 10 | 10.0
Shields        | 9 |  9.6
Dodging        | 7 |  7.0
Evocations     | 4 |  4.6

Action                     |  1- 3 |  4- 6 |  7- 9 | 10-12 | 13-15 || total
---------------------------+-------+-------+-------+-------+-------++-------
  Melee: War axe           |    93 |    82 |   226 |   308 |    71 ||   780
         Broad axe         |       |       |       |       |   394 ||   394
 Invoke: Heroism           |       |       |     2 |     9 |     4 ||    15
    Use: Scroll            |     1 |     8 |    10 |     6 |     3 ||    28
         Potion            |       |       |     5 |     3 |       ||     8
   Stab: Distracted        |     1 |     1 |     1 |     4 |     1 ||     8
 Armour: Scale mail        |    54 |    48 |   138 |   237 |   335 ||   812
  Dodge: Dodged            |    44 |    32 |    60 |    75 |   198 ||   409
  Block: Buckler           |    18 |    10 |    18 |       |       ||    46
         Kite shield       |       |       |    44 |   119 |   296 ||   459

Levels and vault maps discovered:
D:1:      psy_arrival_fountain, layout_rooms, serial_shops,
          nicolae_shop_peninsula, shop
D:2:      layout_loops_ring, serial_shops, shop
D:3:      layout_basic
D:4:      layout_cave_pools, kennysheep_generic_room_7
D:5:      layout_basic
D:6:      layout_basic, minmay_temple_entry_glassed_door,
          minmay_chambers_of_fives, uniq_duvessa
D:7:      layout_rooms, enter_ossuary_4, serial_glass, glass_columns_c,
          glass_columns_a, glass_columns_a, glass_columns_a, glass_columns_b,
          glass_columns_a, gammafunk_ghost_grave, serial_shops, shop,
          minmay_misc_feat_room
D:8:      layout_gridville, kennysheep_generic_room_10, uniq_prince_ribbit1,
          uniq_maurice
D:9:      layout_loops_ring, nicolae_uskayaw_dance_studio,
          grunt_temple_overflow_open, chequers_serial_rivers_micro_d,
          uniq_erolcha, uniq_harold, uniq_grum
D:10:     layout_long_grid, david_lair_generic
D:11:     minmay_gate_of_8, layout_basic, david_orc_3, serial_shops,
          bzr_firewalk, nicolae_good_shop
D:12:     layout_rooms, serial_aquarium, aquarium_bridge_long_joined
          [aquarium_subvault_wall, aquarium_subvault_window,
          aquarium_subvault_wall, aquarium_subvault_bridge,
          aquarium_subvault_balcony, aquarium_subvault_bridge],
          aquarium_window_corner, aquarium_window_2, aquarium_window_1,
          aquarium_view_2a, aquarium_view_2d, aquarium_pool_S
D:13:     layout_roguey, gammafunk_ghost_mausoleum, uniq_sonja, uniq_urug
Temple:   eino_wide_crystal_templ
Lair:1:   layout_gridlike, special_room [special_room_bee],
          gammafunk_ghost_berserking_beasts, chequers_serial_rivers_micro_a
Lair:2:   beast_lair_carwin_large_1, layout_cave_pods

Notes
Turn   | Place    | Note
-------+----------+-------------------------------------------
     0 | D:1      | kae the Hill Orc Fighter began the quest for the Orb.
     0 | D:1      | Reached XP level 1. HP: 19/19 MP: 1/1
     0 | D:1      | magus.rc [v1.11.3]
    36 | D:1      | Found Saoh Byvidou's Antique Armour Shop.
    91 | D:1      | Reached skill level 3 in Axes
   133 | D:1      | Reached XP level 2. HP: 17/26 MP: 2/2
   275 | D:1      | Found Juca's Assorted Antiques.
   304 | D:1      | Bought a bubbling emerald potion for 23 gold pieces
   317 | D:1      | Reached skill level 4 in Axes
   659 | D:2      | Reached XP level 3. HP: 25/31 MP: 3/3
   783 | D:2      | Found Sesompij's Weapon Shop.
   795 | D:2      | Reached skill level 5 in Axes
  1220 | D:2      | Reached XP level 4. HP: 39/39 MP: 4/4
  1564 | D:3      | Reached skill level 6 in Axes
  1612 | D:3      | You pick up a book of Spectacle and begin reading...
  1612 | D:3      | You add the spells Volatile Blastmotes, Dazzling Flash,
                  | Starburst and Maxwell's Capacitive Coupling to your
                  | library.
  1979 | D:4      | Reached XP level 5. HP: 38/45 MP: 5/5
  2154 | D:4      | Identified the +0 robe of Limitation {rCorr}
  2380 | D:4      | Reached skill level 7 in Axes
  2449 | D:5      | Entered Level 5 of the Dungeon
  2629 | D:5      | Reached skill level 8 in Axes
  2629 | D:5      | Reached XP level 6. HP: 51/51 MP: 6/6
  2665 | D:5      | You pick up a book of Debilitation and begin reading...
  2665 | D:5      | You add the spells Slow, Sigil of Binding, Vampiric
                  | Draining and Confusing Touch to your library.
  2681 | D:5      | Reached skill level 9 in Axes
  2684 | D:5      | Reached XP level 7. HP: 42/57 MP: 7/7
  2853 | D:5      | Reached skill level 10 in Axes
  2859 | D:5      | HP: 11/57 [orc priest/divine providence (13)]
  3105 | D:5      | Reached skill level 11 in Axes
  3396 | D:5      | Reached XP level 8. HP: 64/64 MP: 8/8
  3593 | D:6      | Reached skill level 12 in Axes
  3734 | D:6      | Reached skill level 13 in Axes
  3864 | D:6      | Noticed Duvessa
  3864 | D:6      | Noticed Dowan
  3875 | D:6      | Killed Duvessa
  3876 | D:6      | Reached skill level 14 in Axes
  3887 | D:6      | Killed Dowan
  3925 | D:6      | Reached XP level 9. HP: 48/70 MP: 9/9
  3937 | D:6      | HP: 17/70 [something (1)]
  4000 | D:6      | Reached skill level 15 in Axes
  4191 | D:6      | You add the spells Sting, Poisonous Vapours and Olgreb's
                  | Toxic Radiance to your library.
  4311 | D:6      | Found a staircase to the Ecumenical Temple.
  4648 | Temple   | Entered the Ecumenical Temple
  4770 | Temple   | Became a worshipper of Warmaster Okawaru
  4917 | D:7      | Reached skill level 1 in Invocations
  4922 | D:7      | HP: 17/70 [poisoned by a killer bee]
  4935 | D:7      | Found a runed translucent door.
  4935 | D:7      | Noticed bmj180's ghost (novice HuCj)
  4948 | D:7      | HP: 13/70 [orc wizard/puff of flame (10)]
  4952 | D:7      | Reached skill level 2 in Invocations
  4969 | D:7      | Found a sand-covered staircase.
  4976 | Ossuary  | Entered an ossuary
  5273 | D:7      | Found Cuacu's Book Shop.
  5394 | D:7      | You pick up a book of Geomancy and begin reading...
  5394 | D:7      | You add the spells Sandblast, Passwall, Stone Arrow and
                  | Brom's Barrelling Boulder to your library.
  5570 | D:7      | You pick up a book of Frost and begin reading...
  5570 | D:7      | You add the spells Freeze, Frozen Ramparts and Hailstorm to
                  | your library.
  5660 | D:8      | Reached skill level 3 in Invocations
  5679 | D:8      | Noticed Prince Ribbit
  5693 | D:8      | Killed Prince Ribbit
  5694 | D:8      | Reached skill level 4 in Invocations
  5851 | D:8      | Reached * piety under Okawaru
  5852 | D:8      | Reached skill level 5 in Invocations
  6104 | D:8      | Reached skill level 16 in Axes
  6158 | D:8      | Reached skill level 6 in Invocations
  6166 | D:8      | Reached skill level 7 in Invocations
  6402 | D:8      | Noticed Maurice
  6410 | D:8      | Reached XP level 10. HP: 34/77 MP: 12/15
  6412 | D:8      | Maurice stole 13 poisoned darts
  6413 | D:8      | Reached skill level 8 in Invocations
  6414 | D:8      | Killed Maurice
  6415 | D:8      | Reached skill level 9 in Invocations
  6629 | D:8      | Reached skill level 10 in Invocations
  6749 | D:8      | Reached ** piety under Okawaru
  6750 | D:8      | Reached skill level 4 in Fighting
  6922 | D:8      | Reached skill level 5 in Fighting
  7385 | D:9      | Found a hazy altar of Hepliaklqana.
  7388 | D:9      | Found a stormy altar of Qazlal.
  7389 | D:9      | Found a glowing golden altar of the Shining One.
  7389 | D:9      | Found a shimmering blue altar of Sif Muna.
  7389 | D:9      | Found a shimmering altar of Xom.
  7390 | D:9      | Found a sacrificial altar of Ru.
  7395 | D:9      | Reached skill level 6 in Fighting
  7450 | D:9      | Noticed Harold
  7459 | D:9      | HP: 16/83 [Harold/+2 hand axe of electrocution (11)]
  7460 | D:9      | HP: 6/83 [Harold/+2 hand axe of electrocution (7)]
  7465 | D:9      | Killed Harold
  7466 | D:9      | Reached skill level 7 in Fighting
  7679 | D:9      | Reached skill level 8 in Fighting
  7681 | D:9      | Reached *** piety under Okawaru
  7699 | D:9      | Reached skill level 9 in Fighting
  7960 | D:9      | Noticed a two-headed ogre
  7963 | D:9      | Reached XP level 11. HP: 86/97 MP: 18/18
  7967 | D:9      | Reached skill level 10 in Fighting
  7972 | D:9      | Reached **** piety under Okawaru
  7979 | D:9      | Killed a two-headed ogre
  7980 | D:9      | Reached skill level 11 in Fighting
  8335 | D:9      | Noticed Grum
  8346 | D:9      | Killed Grum
  8393 | D:9      | Noticed Erolcha
  8406 | D:9      | Killed Erolcha
  8407 | D:9      | Reached skill level 12 in Fighting
  8593 | D:9      | Reached skill level 4 in Armour
  8786 | D:9      | Found a hide-covered altar of Uskayaw.
  8820 | D:10     | Entered Level 10 of the Dungeon
  8834 | D:10     | Reached skill level 5 in Armour
  8936 | D:10     | Reached skill level 6 in Armour
  8938 | D:10     | Found a staircase to the Lair.
  8951 | D:10     | You add the spells Passage of Golubria and Yara's Violent
                  | Unravelling to your library.
  8969 | D:10     | HP: 26/104 [steam dragon] (3)]
  8986 | D:10     | HP: 20/104 [kobold/+0 short sword (3)]
  8991 | D:10     | HP: 15/104 [poisoned by a kobold]
  9333 | D:10     | You fall into a shaft and drop 2 floors!
  9376 | D:12     | Noticed a two-headed ogre
  9383 | D:12     | Killed a two-headed ogre
  9383 | D:12     | Reached ***** piety under Okawaru
  9384 | D:12     | Reached skill level 7 in Armour
  9555 | D:12     | Reached skill level 8 in Armour
  9564 | D:12     | Noticed a cyclops
  9578 | D:12     | Killed a cyclops
  9605 | D:12     | Noticed a deep elf pyromancer
  9630 | D:12     | Killed a deep elf pyromancer
  9955 | D:12     | Reached XP level 12. HP: 80/112 MP: 19/19
  9968 | D:12     | Reached skill level 9 in Armour
 10683 | D:12     | Identified a potion of experience
 10685 | D:12     | Reached skill level 9 in Shields
 10685 | D:12     | Reached XP level 13. HP: 118/118 MP: 20/20
 10734 | D:13     | Reached skill level 10 in Armour
 10746 | D:13     | Found a transporter.
 10750 | D:13     | Found a transporter.
 10750 | D:13     | Noticed a vampire knight
 10750 | D:13     | Noticed Takeo's ghost (journeyman GrEE)
 10774 | D:13     | Reached skill level 1 in Dodging
 10787 | D:13     | Noticed Sonja
 10799 | D:13     | Killed Sonja
 10800 | D:13     | Reached skill level 2 in Dodging
 10963 | D:13     | Noticed Urug
 10980 | D:13     | HP: 21/118 [Urug/+5 eveningstar of protection (30)]
 10982 | D:13     | Killed Urug
 10983 | D:13     | Reached skill level 3 in Dodging
 10984 | D:13     | a +5 eveningstar of protection {rare}; a +0 scale mail; the
                  | orc corpse of Urug
 11471 | D:13     | Reached skill level 4 in Dodging
 11908 | D:11     | Reached skill level 5 in Dodging
 11976 | D:11     | Found Muoles Veaz's Hallowed Reliquary.
 11976 | D:11     | Noticed an angel
 11996 | D:11     | Identified the +2 hat of the End {rF- Str+3} (Okawaru
                  | gifted it to you on level 11 of the Dungeon)
 11996 | D:11     | Received a gift from Okawaru
 12024 | D:11     | Found a flickering gateway to a bazaar.
 12036 | Bazaar   | Entered a bazaar
 12150 | Bazaar   | Found Fafot's Magic Scroll Emporium.
 12166 | Bazaar   | Found Duneilan's Book Shoppe.
 12166 | Bazaar   | Found Didadiob's Antique Weapon Emporium.
 12188 | Bazaar   | Found Kegib's Book Emporium.
 12236 | Bazaar   | Bought a runed broad axe for 133 gold pieces
 12253 | Bazaar   | Bought a scroll of identify for 30 gold pieces
 12253 | Bazaar   | Bought a scroll of revelation for 112 gold pieces
 12253 | Bazaar   | Bought a scroll of enchant weapon for 112 gold pieces
 12253 | Bazaar   | Bought a scroll of blinking for 112 gold pieces
 12315 | D:11     | You pick up a book of Burglary and begin reading...
 12315 | D:11     | You add the spells Ensorcelled Hibernation and Swiftness to
                  | your library.
 12535 | D:11     | Found a staircase to the Orcish Mines.
 12905 | D:11     | Reached skill level 6 in Dodging
 12910 | D:11     | Identified the +3 scimitar "Demonbane" {drain, rC+ Dex+4}
 12912 | D:11     | Identified the +2 long sword of Bunari {freeze, Dex+3}
 13062 | D:11     | Identified the +0 robe "Xapsois" {rF+ rN+ Int-3 Archmagi}
 13120 | D:11     | Noticed a frost giant
 13120 | D:11     | Noticed a storm dragon
 13120 | D:11     | Noticed a sphinx
 13121 | D:11     | Found a runed translucent door.
 13123 | D:11     | Noticed a frost giant
 13123 | D:11     | Noticed a stone giant
 14148 | Lair:1   | Entered Level 1 of the Lair of Beasts
 14172 | Lair:1   | Found a transporter.
 14175 | Lair:1   | Noticed WhatIsLove's ghost (journeyman HOMo)
 14193 | Lair:1   | Found a transporter.
 14653 | Lair:1   | Reached skill level 17 in Axes
 14807 | Lair:1   | Reached skill level 7 in Dodging
 15638 | Lair:2   | Reached XP level 14. HP: 114/126 MP: 21/21
 15802 | Lair:2   | Reached skill level 18 in Axes
 15805 | Lair:2   | Reached skill level 1 in Evocations
 15815 | Lair:2   | Reached skill level 2 in Evocations
 16032 | Lair:2   | Reached skill level 3 in Evocations
 16569 | Lair:2   | Reached skill level 4 in Evocations
 16910 | Lair:2   | HP: 27/126 [13-headed hydra (9)]
 16910 | Lair:2   | HP: 12/126 [13-headed hydra (5)]
 16911 | Lair:2   | HP: 2/126 [13-headed hydra (10)]
 16911 | Lair:2   | Slain by a 13-headed hydra

Vanquished Creatures
  Erolcha (D:9)
  Harold (D:9)
  2 boulder beetles
  4 two-headed ogres
  Urug (D:13)
  Sonja (D:13)
  A deep elf pyromancer (D:13)
  An ugly thing (D:13)
  2 cyclopes
  Maurice (D:8)
  A black mamba (Lair:2)
  2 cane toads (Lair:1)
  A rime drake (Lair:2)
  2 komodo dragons
  An unseen horror (D:12)
  2 kobold demonologists
  4 trolls
  4 polar bears (Lair:2)
  A queen bee (Lair:1)
  Prince Ribbit (D:8)
  5 blink frogs (Lair:2)
  A shadow (D:9)
  3 wraiths
  6 wyverns
  51 yaks
  3 basilisks
  Grum (D:9)
  2 steam dragons
  7 water moccasins
  2 acid dragons (D:12)
  Duvessa (D:6)
  2 sky beasts (D:8)
  9 black bears
  11 orc warriors
  2 ogres (D:5)
  18 wolves
  9 centaurs
  6 kobold brigands
  A phantom (D:6)
  5 bullfrogs
  3 scorpions
  2 gnoll sergeants
  3 wights (D:8)
  Dowan (D:6)
  23 killer bees
  8 howler monkeys
  A human zombie (Ossuary)
  7 orc priests
  4 hounds
  4 iguanas
  A sleepcap (D:7)
  12 orc wizards
  5 mummies (Ossuary)
  7 gnolls
  8 adders
  A white imp (D:4)
  A worm (D:2)
  41 orcs
  9 ball pythons
  6 bats
  5 endoplasms
  5 giant cockroaches
  4 goblins
  6 hobgoblins
  6 jackals
  7 quokkas
  4 frilled lizards
  3 gnoll zombies (Ossuary)
  A goblin zombie (D:7)
  2 hobgoblin zombies (Ossuary)
  24 kobolds
  A kobold zombie (Ossuary)
  An orc zombie (Ossuary)
  2 rats
  A rat zombie (D:7)
398 creatures vanquished.

Vanquished Creatures (others)
  A deep elf pyromancer (D:12)
  3 spectral weapons
4 creatures vanquished.

Grand Total: 402 creatures vanquished

Table legend:
 A = Non-vault XP
 B = Vault XP
 C = Vault XP percentage of total XP
 D = Non-vault monster count
 E = Vault monster count
 F = Vault count percentage of total count
                 A         B        C        D         E       F
            +---------+---------+-------+---------+---------+-------
      Total |   36048 |    9782 |  21.3 |     326 |      73 |  18.3
            +---------+---------+-------+---------+---------+-------
        D:1 |      26 |       0 |   0.0 |      15 |       0 |   0.0
        D:2 |      56 |       0 |   0.0 |      24 |       0 |   0.0
        D:3 |      77 |       0 |   0.0 |      22 |       0 |   0.0
        D:4 |      34 |      14 |  29.2 |       8 |       1 |  11.1
        D:5 |     992 |       0 |   0.0 |      30 |       0 |   0.0
        D:6 |     887 |     606 |  40.6 |      23 |       7 |  23.3
        D:7 |     314 |       2 |   0.6 |      11 |       2 |  15.4
        D:8 |    2619 |     809 |  23.6 |      37 |       3 |   7.5
        D:9 |    4324 |    2276 |  34.5 |      25 |      12 |  32.4
       D:10 |    2283 |     705 |  23.6 |      23 |       4 |  14.8
       D:11 |    7178 |     544 |   7.0 |      26 |       4 |  13.3
       D:12 |    4258 |       0 |   0.0 |      19 |       0 |   0.0
       D:13 |    2426 |    1590 |  39.6 |      10 |       2 |  16.7
     Lair:1 |    5245 |    1233 |  19.0 |      22 |      16 |  42.1
     Lair:2 |    5329 |    1861 |  25.9 |      31 |       9 |  22.5
    Ossuary |       0 |     142 | 100.0 |       0 |      13 | 100.0
            +---------+---------+-------+---------+---------+-------

Skill      XL: |  1  2  3  4  5  6  7  8  9 10 11 12 13 14 |
---------------+-------------------------------------------+-----
Axes           | 3 4 5 6 8 9 11 14 16 17 18 | 18.0
Invocations    | 7 10 | 10.0
Fighting       | 9 12 | 12.0
Armour         | 8 9 10 | 10.0
Shields        | 9 |  9.6
Dodging        | 7 |  7.0
Evocations     | 4 |  4.6

Action                     |  1- 3 |  4- 6 |  7- 9 | 10-12 | 13-15 || total
---------------------------+-------+-------+-------+-------+-------++-------
  Melee: War axe           |    93 |    82 |   226 |   308 |    71 ||   780
         Broad axe         |       |       |       |       |   394 ||   394
 Invoke: Heroism           |       |       |     2 |     9 |     4 ||    15
    Use: Scroll            |     1 |     8 |    10 |     6 |     3 ||    28
         Potion            |       |       |     5 |     3 |       ||     8
   Stab: Distracted        |     1 |     1 |     1 |     4 |     1 ||     8
 Armour: Scale mail        |    54 |    48 |   138 |   237 |   335 ||   812
  Dodge: Dodged            |    44 |    32 |    60 |    75 |   198 ||   409
  Block: Buckler           |    18 |    10 |    18 |       |       ||    46
         Kite shield       |       |       |    44 |   119 |   296 ||   459

Illustrated notes

Table legend:
 A = Kills in this place as a percentage of kills in the entire game.
 B = Kills by you in this place as a percentage of kills by you in the entire game.
 C = Kills by friends in this place as a percentage of kills by friends in the entire game.
 D = Other kills in this place as a percentage of other kills in the entire game.
 E = Experience gained in this place as a percentage of experience gained in the entire game.
 F = Experience gained in this place divided by the number of levels of this place that you have seen.
                   A       B       C       D       E      F
               +-------+-------+-------+-------+-------+----------------------
         Total | 100.0 | 100.0 |   N/A | 100.0 | 100.0 | 2546.1
       Dungeon |  77.2 |  77.1 |   N/A | 100.0 |  69.9 | 2463.1
          Lair |  19.5 |  19.6 |   N/A |   0.0 |  29.8 | 6834.0
       Ossuary |   3.3 |   3.3 |   N/A |   0.0 |   0.3 | 142.0
               +-------+-------+-------+-------+-------+----------------------

Table legend: (Time is in decaauts)
 A = Elapsed time spent in this place.
 B = Non-inter-level travel time spent in this place.
 C = Inter-level travel time spent in this place.
 D = Time resting spent in this place.
 E = Time spent auto-exploring this place.
 F = Levels seen in this place.
 G = Mean time per level.
                   A        B        C        D        E       F      G
               +--------+--------+--------+--------+--------+-----+--------+
         Total |  16794 |  16202 |    592 |   1473 |  12213 |  18 |  933.0 |
       Dungeon |  13440 |  12901 |    539 |   1333 |   9700 |  13 | 1033.8 |
        Temple |    134 |    122 |     12 |     36 |     73 |   1 |  134.0 |
          Lair |   2702 |   2662 |     40 |     48 |   2234 |   2 | 1351.0 |
        Bazaar |    263 |    263 |      0 |     56 |    109 |   1 |  263.0 |
       Ossuary |    253 |    253 |      0 |      0 |     97 |   1 |  253.0 |
               +--------+--------+--------+--------+--------+-----+--------+

Top non-repeatable levels by time:
     D:8: 1786 daAuts
     D:9: 1524 daAuts
    D:11: 1408 daAuts
  Lair:1: 1382 daAuts
    D:12: 1360 daAuts
  Lair:2: 1320 daAuts
     D:6: 1257 daAuts
    D:13: 1170 daAuts
     D:5: 1069 daAuts
    D:10: 885 daAuts
     D:2: 707 daAuts
     D:3: 662 daAuts
     D:1: 591 daAuts
     D:4: 530 daAuts
     D:7: 486 daAuts
